AoeStats
← Coyunto90

Golden Pit

509379420Analyzed
1v1 RM · 6d ago on Sep 26, 2026· 42m 34s· 2 players
Game mode
Random Map
Map size
Tiny (2 player)
Population
200
Speed
Normal
Resources
Standard
Victory
Conquest
Starting age
Dark Age
Ending age
Imperial Age
RankedLock teamsTeams togetherTeam positionsShared explorationLock speedFull tech treeHidden civsTurbo modeCheats
Victory
Defeat
🇹🇷 Franks · Türkiye
1091
+18
🇪🇸 Gurjaras · Spain
1126
-18
Must_61
0:38 Loom
10:36 Feudal Age
17:49 Castle Age
16:04 Double-Bit Axe
18:30 Wheelbarrow
19:03 Bow Saw
19:22 Town Watch
21:16 Stone Mining
23:44 Hand Cart
25:54 Gold Mining
27:25 Pikeman
28:07 Squires
27:52 Gambesons
28:10 Scale Mail Armor
28:21 Forging
32:48 Imperial Age
31:24 Gold Shaft Mining
32:21 Iron Casting
32:02 Chain Mail Armor
32:27 Town Patrol
33:12 Halberdier
33:39 Arson
33:23 Halberdier
35:34 Conscription
36:29 Blast Furnace
35:59 Plate Mail Armor
39:07 Scale Barding Armor
38:24 Cavalier
39:05 Husbandry
40:41 Chain Barding Armor
39:50 Paladin
42:40 Plate Barding Armor
Coyunto90
7:41 Loom
9:52 Feudal Age
10:38 Double-Bit Axe
17:29 Scale Mail Armor
17:31 Arson
20:53 Castle Age
19:45 Gold Mining
20:21 Horse Collar
21:40 Forging
23:00 Bow Saw
24:01 Bloodlines
27:33 Husbandry
29:31 Wheelbarrow
30:38 Scale Barding Armor
30:32 Fletching
31:32 Heavy Plow
33:32 Chain Barding Armor
34:45 Kshatriyas
38:11 Imperial Age
36:15 Chain Mail Armor
37:31 Masonry
40:36 Chemistry
42:12 Ballistics
Connection lost

Rejoining the realm…

Still unreachable

The connection could not be restored.

Session expired

The server has moved on; the page needs a fresh start.